 Dungeon Crawl Stone Soup version 0.29.1-2-gbd0b4ee654 (webtiles) character file.

Game seed: 1116272663231042586

6 xian the Trooper (level 1, 0/18 HPs)
             Began as a Demonspawn Abyssal Knight on Nov 4, 2022.
             Was a Believer of Lugonu.
             Succumbed to a kobold's poison
             ... on level 1 of the Dungeon.
             The game lasted 00:00:38 (544 turns).

xian the Trooper (Demonspawn Abyssal Knight)         Turns: 544, Time: 00:00:39

Health: 0/18       AC:  3    Str: 13    XL:     1   Next: 75%
Magic:  2/2        EV: 11    Int: 11    God:    Lugonu [**....]
Gold:   36         SH:  0    Dex: 13    Spells: 0/0 levels left

rFire   . . .      SeeInvis .   a - +1 hand axe
rCold   . . .      Faith    .   (no shield)
rNeg    . . .      Spirit   .   b - +0 leather armour
rPois   .          Reflect  .   (no helmet)
rElec   .          Harm     .   (no cloak)
rCorr   .          Rampage  .   (no gloves)
Will    .....                   (no boots)
Stlth   +.........              (no amulet)
HPRegen 0.06/turn               (no ring)
MPRegen 0.08/turn               (no ring)

@: lethally poisoned (0 -> -19)
A: no striking features
a: Renounce Religion, Depart the Abyss, Bend Space


You were on level 1 of the Dungeon.
You worshipped Lugonu.
Lugonu was pleased with you.
You visited 1 branch of the dungeon, and saw 1 of its levels.
You visited the Abyss 1 time.

You collected 36 gold pieces.

Inventory:

Hand Weapons
 a - a +1 hand axe (weapon)
Armour
 b - a +0 leather armour (worn)
Jewellery
 d - a +4 ring of protection
 e - a ring of willpower
Scrolls
 f - 2 scrolls of poison {unknown}
Potions
 c - a potion of curing {unknown}
 g - a potion of degeneration {unknown}


   Skills:
 + Level 3.1 Fighting
 + Level 2.1 Axes
 + Level 1.7 Armour
 + Level 0.8 Dodging
 + Level 2.4 Invocations


You couldn't memorise any spells.
You didn't know any spells.
Your spell library was empty.

Dungeon Overview and Level Annotations

Branches:
Dungeon (1/15)

Altars:


Message History

You kill the jackal!
Lugonu accepts your kill.
There is a stone staircase leading down here.
f - 2 scrolls labelled GOSAOBB VOREF (gained 1)
g - an amethyst potion
Found a whip.
You now have 36 gold pieces (gained 4).
You see here a +0 whip.
You open the door.
A kobold comes into view. It is wielding a +1 whip of venom.
Found 13 gold pieces.
A kobold is nearby!
Found a faded altar of an unknown god.
The kobold shouts!
A kobold comes into view. It is wielding a +0 short sword.
There is an open door here.
Found 4 stones.
Found 13 gold pieces.
You closely miss the kobold.
The kobold hits you with a +1 whip of venom.
You are poisoned.
You closely miss the kobold. You hit the kobold but do no damage.
You feel sick.
The kobold hits you with a +1 whip of venom.
You are lethally poisoned!
The kobold closely misses you.
You hit the kobold.
The kobold is moderately wounded.
You hit the kobold.
You feel very sick.
The kobold hits you with a +1 whip of venom.
You are more poisoned.
The kobold hits you with a +0 short sword.
* * * LOW HITPOINT WARNING * * *
Unknown command.
You slash the kobold!
You kill the kobold!
Lugonu accepts your kill.
You hit the kobold.
You die...

##...#.##.......##.#
#......##.#..##.##.#
##........#..##.##.#
##.##.####..##.##.#
#.##.####........#
#)##.......##.####
##'###########.# ##...##
#.### #.K@..# ###...#
#...)...# ##.###.#
.8..#.$.....####...##.##
..8.#.......+...........
#.. #.......####...##.##
_# .......## ##.#...#
...(...## ###.###
#.##.$.## #.# #.#


You could see a kobold.

Vanquished Creatures
  A bat (D:1)
  An endoplasm (D:1)
  2 jackals (D:1)
  A ball python (D:1)
  A kobold (D:1)
6 creatures vanquished.

Notes
Turn   | Place    | Note
-------+----------+-------------------------------------------
     0 | Abyss:1  | xian the Demonspawn Abyssal Knight began the quest for the
                  | Orb.
     0 | Abyss:1  | Reached XP level 1. HP: 18/18 MP: 2/2
     1 | D:1      | Escaped the Abyss
   538 | D:1      | Found a faded altar of an unknown god.
   544 | D:1      | Succumbed to a kobold's poison

Illustrated notes

Levels and vault maps discovered:
D:1:      nzn_arrival_depleted_hourglass, layout_loops_corners,
          shapermc_ecumenical_altar_venn

Skill      XL: |  1 |
---------------+----+-----
Axes           | 2 |  2.1
Fighting       | |  3.1
Armour         | |  1.7
Dodging        | |  0.8
Invocations    | |  2.4

Action                   || total
-------------------------++-------
Melee: Hand axe          ||    20
       Punch             ||     1
Armor: Leather armour    ||     6
Dodge: Dodged            ||    16
